 Dungeon Crawl Stone Soup version 0.28.0-45-g0d030f2227 (webtiles) character file.

Game seed: 4706393490663852134

58 zeratav the Insei (level 4, 0/29 HPs)
             Began as an Octopode Transmuter on Apr 6, 2022.
             Slain by an adder (4 damage)
             ... on level 2 of the Dungeon.
             The game lasted 00:02:03 (1221 turns).

zeratav the Insei (Octopode Transmuter)             Turns: 1221, Time: 00:02:04

Health: 0/29       AC:  1    Str: 11    XL:     4   Next: 2%
Magic:  6/7        EV: 13    Int: 21    God:
Gold:   65         SH:  0    Dex: 12    Spells: 6/7 levels left

rFire   . . .      SeeInvis .     - Unarmed
rCold   . . .      Faith    .   (no shield)
rNeg    . . .      Spirit   .   (helmet currently unavailable)
rPois   .          Reflect  .   (no amulet)
rElec   .          Harm     .   a - +6 ring of intelligence
rCorr   .          Rampage  .   (no ring)
Will    .....                   (no ring)
Stlth   ++........              (no ring)
HPRegen 0.09/turn               (no ring)
MPRegen 0.10/turn               (no ring)
                                (no ring)
                                (no ring)

@: lethally poisoned (0 -> -5), appendages (expiring)
A: tentacle spike 3, almost no armour, amphibious, 8 rings, camouflage 1,
gelatinous body 1, (nimble swimmer 1), tentacles
a: End Transformation


You were on level 2 of the Dungeon.
One of your tentacles had grown a beastly spike.
You visited 1 branch of the dungeon, and saw 2 of its levels.

You collected 65 gold pieces.

Inventory:

Missiles
 b - 3 boomerangs of dispersal (quivered)
Jewellery
 a - a +6 ring of intelligence (left tentacle)
Scrolls
 d - a scroll of blinking {unknown}
 e - a scroll of vulnerability {unknown}
 f - a scroll of immolation {unknown}
 h - a scroll of noise {unknown}
Potions
 c - 4 potions of lignification {unknown}
 g - a potion of curing {unknown}


   Skills:
 * Level 2.2 Fighting
 + Level 2.4 Dodging
 * Level 3.6 Unarmed Combat
 - Level 2.0 Spellcasting
 + Level 2.5 Transmutations


You had 6 spell levels left.
You knew the following spells:

 Your Spells              Type           Power      Damage    Failure   Level
a - Beastly Appendage     Tmut           24%        N/A       5%          1

Your spell library contained the following spells:

 Spells                   Type           Power      Damage    Failure   Level
 Wereblood                Tmut           12%        N/A       8%          2
 Animate Skeleton         Necr           4%         N/A       14%         1
 Pain                     Necr           8%         1d4       14%         1
 Spider Form              Tmut/Pois      7%         N/A       26%         3
 Vampiric Draining        Necr           2%         2d6       41%         3
 Ice Form                 Ice/Tmut       7%         N/A       65%         4


Dungeon Overview and Level Annotations

Branches:
Dungeon (2/15)

Altars:


Innate Abilities, Weirdness & Mutations

One of your tentacles has grown a beastly spike.
You cannot wear most types of armour.
You are amphibious.
You can wear up to eight rings at the same time.
Your skin changes colour to match your surroundings (Stealth+).
Your rubbery body absorbs attacks. (AC +1, EV +1)
((You are camouflaged when in or above water. (Stealth+)))
You have tentacles for arms and can constrict up to eight enemies at once.


Message History

You are too injured to fight recklessly!
You are too injured to fight recklessly!
You are too injured to fight recklessly!
You are too injured to fight recklessly!
You are too injured to fight recklessly!
You are too injured to fight recklessly!
You are too injured to fight recklessly!
You barely miss the adder.
You pierce the adder.
The adder is almost dead.
You constrict the adder.
You kill the adder!
You have reached level 4!
The rat bites you.
You see here an adder corpse.
You barely miss the rat. Your grab misses the rat.
Your tentacle spike misses the rat.
The rat barely misses you.
You bludgeon the rat!
You kill the rat!
An adder comes into view.
Found a stone staircase leading down.
You see here a rat corpse.
The adder hisses angrily.
Your transformation is almost over.
The adder bites you.
* * * LOW HITPOINT WARNING * * *
You are lethally poisoned!
The adder poisons you!
You barely miss the adder. Your grab misses the adder.
Your tentacle spike misses the adder.
* * * LOW HITPOINT WARNING * * *
You feel sick. The adder bites you.
* * * LOW HITPOINT WARNING * * *
The adder bites you but does no damage.
You tentacle-slap the adder but do no damage.
You grab the adder. You squeeze the adder.
The adder is lightly wounded.
You constrict the adder.
* * * LOW HITPOINT WARNING * * *
You feel sick. The adder bites you.
You die...

..........+............#
..........##.#.........##
..........+..............
...(..PP..###.###.#######
####..P........ #†# #####
.P.........##†##.....
.♣...................
.........#.........
.......S@........
.....#.[........ ....
#......#### ###
##........ #.>..####
#....# .....# .#+###


You could see an adder.

Vanquished Creatures
  2 adders (D:2)
  A gnoll (D:1)
  4 ball pythons (D:1)
  4 endoplasms
  3 hobgoblins (D:1)
  A quokka (D:1)
  3 bats (D:1)
  5 goblins
  2 kobolds
  4 rats
29 creatures vanquished.

Notes
Turn   | Place    | Note
-------+----------+-------------------------------------------
     0 | D:1      | zeratav the Octopode Transmuter began the quest for the
                  | Orb.
     0 | D:1      | Reached XP level 1. HP: 13/13 MP: 3/3
   360 | D:1      | Reached XP level 2. HP: 14/18 MP: 3/5
   504 | D:1      | Reached XP level 3. HP: 22/24 MP: 4/6
  1212 | D:2      | Reached XP level 4. HP: 14/29 MP: 5/7
  1221 | D:2      | Slain by an adder

Illustrated notes

Levels and vault maps discovered:
D:1:      amcnicky_arrival_feature_with_door, layout_basic
D:2:      layout_basic, hangedman_decor_peaks_small, serial_park_tiny_2,
          uniq_jessica

Skill      XL: |  1  2  3 |
---------------+----------+-----
Fighting       | 2 |  2.2
Dodging        | |  2.4
Unarmed Combat | |  3.6
Spellcasting   | |  2.0
Transmutations | |  2.5

Action                   |  1- 3 |  4- 6 || total
-------------------------+-------+-------++-------
Melee: Unarmed           |    54 |     4 ||    58
       Kick              |    16 |       ||    16
       Constrict         |    12 |     1 ||    13
       Tentacles         |     6 |     1 ||     7
       Punch             |     1 |       ||     1
Throw: Boomerang         |     1 |       ||     1
 Cast: Beastly Appendage |    20 |       ||    20
 Stab: Sleeping          |     3 |       ||     3
Armor: Skin              |     4 |     1 ||     5
Dodge: Dodged            |    33 |     1 ||    34
